 Dungeon Crawl Stone Soup version 0.23-a0-121-g4413648 (webtiles) character file.

334 Amnesiac the Gusty (level 6, 0/41 HPs)
             Began as a Mummy Air Elementalist on Aug 25, 2018.
             Slain by Edmund
             ... wielding a +2 flail of protection
              (10 damage)
             ... on level 4 of the Dungeon.
             The game lasted 00:05:09 (1752 turns).

Amnesiac the Gusty (Mummy Air Elementalist)         Turns: 1752, Time: 00:05:10

Health: 0/41       AC:  2    Str: 11    XL:     6   Next: 27%
Magic:  7/13       EV: 12    Int: 17    God:
Gold:   107        SH:  0    Dex: 12    Spells: 3/15 levels left

rFire    x . .     SeeInvis .   a - +0 falchion
rCold    + . .     Gourm    .   (no shield)
rNeg     + + +     Faith    .   i - +0 robe
rPois    ∞         Spirit   .   (no helmet)
rElec    .         Reflect  .   (no cloak)
rCorr    .         Harm     .   (no gloves)
MR       .....                  (no boots)
Stlth    ++........             (no amulet)
HPRegen  0.13/turn              (no ring)
MPRegen  0.13/turn              (no ring)

@: no status effects
A: no food or potions, fire vulnerability, cold resistance 1, negative energy
resistance 3, torment resistance, unbreathing
a: no special abilities


You were on level 4 of the Dungeon.
You were not hungry.

You visited 1 branch of the dungeon, and saw 5 of its levels.

You collected 107 gold pieces.

Inventory:

Hand Weapons
 a - a +0 falchion (weapon)
 b - a +0 blowgun
Missiles
 c - a throwing net
 g - 5 javelins (quivered)
 h - 18 poisoned needles
Armour
 i - a +0 robe (worn)
Wands
 k - a wand of polymorph (10)
Scrolls
 d - a scroll of remove curse {!r}
 f - a scroll of magic mapping {!r}
 j - 3 scrolls of enchant weapon {!r}


   Skills:
 - Level 1.5 Dodging
 - Level 1.5 Stealth
 + Level 5.0 Spellcasting
 - Level 0.7 Conjurations
 * Level 5.1 Air Magic


You had 3 spell levels left.
You knew the following spells:

 Your Spells              Type           Power        Failure   Level  Hunger
a - Shock                 Conj/Air       ##..         4%          1    N/A
b - Lightning Bolt        Conj/Air       ##........   75%         5    N/A
d - Airstrike             Air            ###.......   17%         4    N/A
z - Swiftness             Chrm/Air       ##......     8%          2    N/A

Your spell library contained the following spells:

 Spells                   Type           Power        Failure   Level  Hunger
 Static Discharge         Conj/Air       ##......     13%         3    N/A

Dungeon Overview and Level Annotations

Branches:
Dungeon (5/15)
 Temple: D:4-7

Altars:

Annotations:
D:4 Edmund


Innate Abilities, Weirdness & Mutations

You do not eat or drink.
Your flesh is vulnerable to fire.
You are immune to poison.
Your flesh is cold resistant. (rC+)
You are immune to negative energy. (rN+++)
You are immune to unholy pain and torment.
You can survive without breathing.


Message History

Confirm with . or Enter, or press ? or * to list all spells.
Aiming: Shock (safe; 4% risk of failure)
Press: ? - help, Shift-Dir - straight line, f/p - iguana
Aim: an iguana (almost dead)
The zap hits the iguana.
The iguana appears unharmed.
The iguana is almost dead.
The zap hits the iguana.
You kill the iguana!
Your Spellcasting skill increases to level 5!
Casting: Shock (safe; 4% risk of failure)
Confirm with . or Enter, or press ? or * to list all spells.
You can't see any susceptible monsters within range! (Use Z to cast anyway.)
You start resting.
A sky beast comes into view.
Casting: Shock (safe; 4% risk of failure)
Confirm with . or Enter, or press ? or * to list all spells.
Aiming: Airstrike (slightly dangerous; 17% risk of failure)
Press: ? - help, Dir - move target cursor, f - sky beast
Aim: a sky beast You miscast Airstrike.
You are very lightly contaminated with residual magic.
There is a short, sharp shower of sparks.
Casting: Airstrike (slightly dangerous; 17% risk of failure)
Confirm with . or Enter, or press ? or * to list all spells.
Aiming: Airstrike (slightly dangerous; 17% risk of failure)
Press: ? - help, Dir - move target cursor, f/p - sky beast
Aim: a sky beast The air twists around and violently strikes the sky beast!
The sky beast is moderately wounded.
Casting: Airstrike (slightly dangerous; 17% risk of failure)
Confirm with . or Enter, or press ? or * to list all spells.
You don't have enough magic to cast that spell.
The sky beast flickers out of sight!
Deactivating autopickup; reactivate with Ctrl-A.
You hear the slow hiss of a distant avalanche of sand.
There is a stone staircase leading up here.
You climb upwards.
Level annotation: Edmund Edmund misses you.
You riposte.
You hit Edmund but do no damage.
Edmund is lightly wounded.
There is a stone staircase leading down here.
Found 17 gold pieces.
Edmund hits you with a flail of protection.
* * * LOW HITPOINT WARNING * * *
There is an open door here.
Casting: Airstrike (slightly dangerous; 17% risk of failure)
Confirm with . or Enter, or press ? or * to list all spells.
You feel quick.
Edmund hits you with a flail of protection.
* * * LOW HITPOINT WARNING * * *
You start to feel a little slower.
Edmund says, "People will remember me!
They'll remember me and die!"
Your magical contamination has completely faded away.
You feel sluggish.
There is a stone staircase leading down here.
Okay, then.
You start to feel a little faster.
You no longer feel sluggish.
Edmund hits you with a flail of protection!
* * * LOW HITPOINT WARNING * * *
You open the door.
Edmund says, "People accused me of being a cutpurse!"
Edmund hits you with a flail of protection!
You die...

#...#....>#......# #.....#
..#...'.....#......# #.....#
..#..##...###......########.....#
..#..##...####+#................#
..#..##..)#....'................#
..#####...#....#................#
..#..##)..###'##................#
..#..###'##......#+########.....#
..#...#...#....@@'........#.....#
..##'##...#......#.....<..#.....'
.....[#'###......#........#.....#
.................#........#.....#
.................#...##...#......
.................#...##...#......
######...>......(#...#....#......
.....#...........#...#....#......
.....######......#...##...#.<...#


You could see Edmund.

Vanquished Creatures
  An ogre (D:4)
  Blork the orc (D:4)
  A howler monkey (D:4)
  A crimson imp (D:5)
  An iguana (D:5)
  A worker ant (D:4)
  An adder (D:4)
  2 leopard geckos (D:4)
  7 orcs
  A ball python (D:1)
  4 bats (D:1)
  A giant cockroach (D:1)
  3 goblins
  A hobgoblin (D:1)
  12 jackals
  A quokka (D:4)
  2 frilled lizards
  6 kobolds
  A rat (D:1)
48 creatures vanquished.

Notes
Turn   | Place    | Note
-------+----------+-------------------------------------------
     0 | D:1      | Amnesiac the Mummy Air Elementalist began the quest for the Orb.
     0 | D:1      | Reached XP level 1. HP: 13/13 MP: 4/4
   119 | D:1      | Reached XP level 2. HP: 19/19 MP: 5/5
   123 | D:1      | Learned a level 2 spell: Swiftness
   385 | D:3      | Reached XP level 3. HP: 16/24 MP: 1/7
   756 | D:4      | Reached XP level 4. HP: 21/30 MP: 4/9
   762 | D:4      | Learned a level 4 spell: Airstrike
   983 | D:4      | Noticed Blork the orc
  1098 | D:4      | Killed Blork the orc
  1098 | D:4      | Reached XP level 5. HP: 8/35 MP: 1/11
  1438 | D:4      | Noticed Edmund
  1438 | D:4      | Noticed an ogre
  1441 | D:5      | Entered Level 5 of the Dungeon
  1453 | D:5      | Learned a level 5 spell: Lightning Bolt
  1503 | D:5      | Noticed an ice beast
  1529 | D:4      | Killed an ogre
  1529 | D:4      | Reached skill level 5 in Air Magic
  1529 | D:4      | Reached XP level 6. HP: 41/41 MP: 5/13
  1682 | D:5      | Reached skill level 5 in Spellcasting
  1691 | D:5      | Noticed a sky beast
  1752 | D:4      | Slain by Edmund

Vault maps used:
D:1:      matt_arrival_diagonals
D:3:      trog_three_pillars_becter
D:4:      lemuel_temple_firewalk_a, kennysheep_generic_room_13, uniq_edmund,
          uniq_blork_the_orc
D:5:      overflow_temple_1_default, first_ration, enter_ossuary_3,
          serial_shops, nicolae_shop_statue_plus

Skill      XL: |  1  2  3  4  5  6 |
---------------+-------------------+-----
Spellcasting   | 3 4 5 |  5.0
Air Magic      | 3 4 5 |  5.1
Dodging        | |  1.5
Stealth        | |  1.5
Conjurations   | |  0.7

Action                   |  1- 3 |  4- 6 || total
-------------------------+-------+-------++-------
Melee: Falchion          |     5 |     3 ||     8
Throw: Javelin           |    13 |       ||    13
       Throwing net      |     1 |       ||     1
 Cast: Shock             |    39 |    58 ||    97
       Airstrike         |       |     2 ||     2
       Swiftness         |       |     2 ||     2
Evoke: Wand              |       |     1 ||     1
  Use: Scroll            |       |     4 ||     4
 Stab: Sleeping          |       |     1 ||     1
Armor: Robe              |     7 |     2 ||     9
Dodge: Dodged            |    14 |    20 ||    34
       Rpst.: Falchion   |     1 |     5 ||     6

Table legend:
 A = Non-vault XP
 B = Vault XP
 C = Vault XP percentage of total XP
 D = Non-vault monster count
 E = Vault monster count
 F = Vault count percentage of total count
                 A         B        C        D         E       F
            +---------+---------+-------+---------+---------+-------
      Total |     387 |      91 |  19.0 |      47 |       1 |   2.1
            +---------+---------+-------+---------+---------+-------
        D:1 |      30 |       0 |   0.0 |      18 |       0 |   0.0
        D:3 |      20 |       0 |   0.0 |       9 |       0 |   0.0
        D:4 |     239 |      91 |  27.6 |      13 |       1 |   7.1
        D:5 |      98 |       0 |   0.0 |       7 |       0 |   0.0
            +---------+---------+-------+---------+---------+-------
